 Dungeon Crawl Stone Soup version 0.22-a0-355-g201945f (webtiles) character file.

35 Amnesiac the Cutter (level 3, -3/19 HPs)
             Began as a Vine Stalker Fighter on Apr 17, 2018.
             Slain by a gnoll
             ... wielding a +0 whip
              (6 damage)
             ... on level 2 of the Dungeon.
             The game lasted 00:01:07 (237 turns).

Amnesiac the Cutter (Vine Stalker Fighter)           Turns: 237, Time: 00:01:08

Health: -3/19      AC:  6    Str: 19    XL:     3   Next: 33%
Magic:  0/4        EV:  7    Int:  8    God:
Gold:   26         SH:  9    Dex: 13    Spells: 2/2 levels left

rFire    . . .     SeeInvis .   a - +0 rapier
rCold    . . .     Gourm    .   c - +0 shield
rNeg     . . .     Faith    .   b - +0 scale mail
rPois    .         Spirit   +   (no helmet)
rElec    .         Reflect  .   (no cloak)
rCorr    .         Harm     .   (no gloves)
MR       .....                  (no boots)
Stlth    ..........             (no amulet)
HPRegen  0.06/turn              (no ring)
MPRegen  0.09/turn              (no ring)

@: no status effects
A: fangs 2, magic shield, antimagic bite, no potion heal 3, rot immunity
a: no special abilities


You were on level 2 of the Dungeon.
You were not hungry.

You visited 1 branch of the dungeon, and saw 2 of its levels.

You collected 26 gold pieces.

Inventory:

Hand Weapons
 a - a +0 rapier (weapon)
Armour
 b - a +0 scale mail (worn)
 c - a +0 shield (worn)
Potions
 d - a potion of might {!q}
 e - a potion of ambrosia {!q, unknown}
Comestibles
 f - a ration


   Skills:
 - Level 2.6 Fighting
 + Level 3.3 Short Blades
 - Level 2.4 Armour
 - Level 2.6 Shields


You had 2 spell levels left.
You didn't know any spells.

Dungeon Overview and Level Annotations

Branches:
Dungeon (2/15)

Altars:


Innate Abilities, Weirdness & Mutations

You have extremely sharp teeth.
When hurt, damage is shared between your health and your magic reserves.
Your bite disrupts and absorbs the magic of your enemies.
Potions cannot restore your health.
You are immune to rotting.


Message History

Found 26 bolts.
You see here a lumpy white potion {!q}.
e - a lumpy white potion {!q} Autopickup is now on.
A giant cockroach and 2 gnolls come into view.
The gnoll shouts! x2
The giant cockroach moves out of view.
A gnoll comes into view. It is wielding a flail.
The gnoll shouts!
You hit the giant cockroach.
You kill the giant cockroach!
Your shield prevents you from hitting the gnoll.
You bite the gnoll. You drain its power.
The gnoll is lightly wounded.
The gnoll barely misses you.
You hit the gnoll.
The gnoll is lightly wounded.
Your shield prevents you from hitting the gnoll.
You bite the gnoll. You drain its power.
The gnoll is moderately wounded.
You hit the gnoll but do no damage. You bite the gnoll. You drain its power.
The gnoll is moderately wounded.
You block the gnoll's attack.
Your shield and scale mail prevent you from hitting the gnoll.
The gnoll is moderately wounded.
You block the gnoll's attack. The gnoll hits you with a flail.
You hit the gnoll. You bite the gnoll. You drain its power.
You feel invigorated.
The gnoll is almost dead.
You hit the gnoll.
You kill the gnoll!
Your Short Blades skill increases to level 3!
You have reached level 3!
Your experience leads to an increase in your attributes!
Increase (S)trength, (I)ntelligence, or (D)exterity?
You feel stronger.
You hit the gnoll but do no damage. You bite the gnoll. You drain its power.
The gnoll is moderately wounded.
The gnoll hits you.
You closely miss the gnoll. You bite the gnoll. You drain its power.
You feel invigorated.
The gnoll is moderately wounded.
You block the gnoll's attack.
You barely miss the gnoll. You bite the gnoll. You drain its power.
The gnoll is heavily wounded.
The gnoll hits you.
Your shield and scale mail prevent you from hitting the gnoll.
The gnoll is heavily wounded.
The gnoll hits you.
* * * LOW HITPOINT WARNING * * *
You puncture the gnoll!
You kill the gnoll!
You hit the gnoll but do no damage. You block the gnoll's attack.
You barely miss the gnoll. The gnoll hits you with a whip.
* * * LOW HITPOINT WARNING * * *
You hit the gnoll.
The gnoll is heavily wounded.
The gnoll hits you with a whip.
* * * LOW HITPOINT WARNING * * *
You block the gnoll's attack.
You hit the gnoll.
The gnoll is almost dead.
The gnoll hits you with a whip!
You die...

.## ...# ##.#.## ......#
###......# #...g....#
#.#......# #g#......#
##########@######.#
#######..............# #
........##...........#
######...#...........##.
......).<#...............
.###...#.#...........###.
.#.....#.#...........#
.#.....#.#...........#
...###.#†#...........#


You could see a gnoll.

Vanquished Creatures
  2 gnolls (D:2)
  A dart slug (D:1)
  A leopard gecko (D:2)
  2 bats (D:1)
  3 giant cockroaches
  2 hobgoblins (D:2)
  A ball python (D:1)
  A rat (D:2)
13 creatures vanquished.

Notes
Turn   | Place    | Note
-------+----------+-------------------------------------------
     0 | D:1      | Amnesiac the Vine Stalker Fighter began the quest for the Orb.
     0 | D:1      | Reached XP level 1. HP: 11/11 MP: 2/2
    32 | D:1      | Reached skill level 2 in Short Blades
    55 | D:1      | Reached XP level 2. HP: 16/16 MP: 3/3
   228 | D:2      | Reached skill level 3 in Short Blades
   228 | D:2      | Reached XP level 3. HP: 15/19 MP: 4/4
   237 | D:2      | Slain by a gnoll

Vault maps used:
D:1:      lightli_arrival_noodles, hex_medium

Skill      XL: |  1  2 |
---------------+-------+-----
Short Blades   | 2 3 |  3.3
Fighting       | |  2.6
Armour         | |  2.4
Shields        | |  2.6

Action                   || total
-------------------------++-------
Melee: Rapier            ||    42
       Bite              ||    11
Armor: Scale mail        ||    10
Dodge: Dodged            ||     8
Block: Shield            ||    15

Table legend:
 A = Spawn XP
 B = Non-spawn XP
 C = Spawn XP percentage of total XP
 D = Spawn monster count
 E = Non-spawn monster count
 F = Spawn count percentage of total count
 G = Total turns spent on level
                    A         B        C        D         E        F      G
               +---------+---------+-------+---------+---------+-------+---------
         Total |       0 |      50 |   0.0 |       0 |      13 |   0.0 |   237
               +---------+---------+-------+---------+---------+-------+---------
           D:1 |       0 |      13 |   0.0 |       0 |       6 |   0.0 |    84
           D:2 |       0 |      37 |   0.0 |       0 |       7 |   0.0 |   153
               +---------+---------+-------+---------+---------+-------+---------
